 Dungeon Crawl Stone Soup version 0.17-a0-1882-g750edc8 (webtiles) character file.

394 mcbry74 the Firebug (level 6, -1/34 HPs)
             Began as a Gargoyle Fire Elementalist on Sept 21, 2015.
             Was an Initiate of Ru.
             Slain by an orc priest
             ... wielding a +0 trident
              (10 damage)
             ... on level 4 of the Dungeon on Sept 22, 2015.
             The game lasted 00:44:47 (7453 turns).

mcbry74 the Firebug (Gargoyle Fire Elementalist)    Turns: 7453, Time: 00:44:48

Health: -1/34      AC:  4    Str: 11      XL:     6   Next: 81%
Magic:  1/10       EV: 13    Int: 14 (18) God:    Ru [......]
Gold:   84         SH:  0    Dex: 10      Spells: 3 memorised, 5 levels left

rFire  . . .     SeeInvis .     o - staff of energy
rCold  . . .     Clarity  .     (no armour)
rNeg   + . .     SustAt   .     (no shield)
rPois  ∞         Gourm    .     (no helmet)
rElec  +         Spirit   .     (no cloak)
rCorr  .         Warding  .     (no gloves)
rMut   .         Stasis   .     (no boots)
MR     .....                    (no amulet)
Stlth  ++........               (no ring)
                                (no ring)

@: not resistant to hostile enchantments, unstealthy
A: negative energy resistance 1, electricity resistance, unbreathing,
petrification resistance, rot immunity, AC +4
a: Renounce Religion


You were on level 4 of the Dungeon.
You worshipped Ru.
Ru was noncommittal.
You were near starving.

You visited 1 branch of the dungeon, and saw 4 of its levels.

You collected 84 gold pieces.

Inventory:

Magical staves
 o - an uncursed staff of energy (weapon)
Jewellery
 k - an uncursed amulet of stasis
Scrolls
 d - a scroll of remove curse
 e - 3 scrolls of identify
 f - 2 scrolls of enchant armour
 j - a scroll of fog {unknown}
 m - 2 scrolls of teleportation {unknown}
Potions
 c - a potion of invisibility {unknown}
 h - a potion of agility {unknown}
 n - a potion of cure mutation
Books
 b - a book of Flames

   Spells                             Type                      Level
   a - Flame Tongue                   Conjuration/Fire             1
   b - Throw Flame                    Conjuration/Fire             2
   c - Conjure Flame                  Conjuration/Fire             3
   d - Inner Flame                    Hexes/Fire                   3
   e - Sticky Flame                   Conjuration/Fire             4
   f - Fireball                       Conjuration/Fire             5
Comestibles
 g - a fruit
 i - 2 bread rations


   Skills:
 - Level 1.0 Fighting
 + Level 3.8 Dodging
 + Level 2.7 Stealth
 - Level 1.3 Unarmed Combat
 * Level 3.3 Spellcasting
 + Level 2.7 Conjurations
 * Level 3.9 Fire Magic


You had 5 spell levels left.
You knew the following spells:

 Your Spells              Type           Power        Failure   Level  Hunger
a - Flame Tongue          Conj/Fire      ##...        6%          1    None
b - Throw Flame           Conj/Fire      ##....       10%         2    None
c - Conjure Flame         Conj/Fire      ##......     17%         3    None


Dungeon Overview and Level Annotations

Branches:
Dungeon (4/15)
 Temple: D:4-7

Altars:
Makhleb
Okawaru
Ru


Innate Abilities, Weirdness & Mutations

You are resistant to torment.
Your stone body is resilient (AC +4).
You are immune to poison.
You resist negative energy.
You are resistant to electric shocks.
You can survive without breathing.
You are immune to petrification.
You are immune to rotting.


Message History

The flame tongue misses the orc priest.
The orc priest barely misses you.
Casting: Flame Tongue
Confirm with . or Enter, or press ? or * to list all spells.
Aiming: Flame Tongue
Press: ? - help, Shift-Dir - straight line, f/p - orc priest
Aim: an orc priest, wielding a trident (severely wounded)
The flame tongue hits the orc priest.
The orc priest is almost dead.
The orc priest closely misses you. The orc priest hits you with a club.
* * * LOW HITPOINT WARNING * * *
Casting: Flame Tongue
Confirm with . or Enter, or press ? or * to list all spells.
Aiming: Flame Tongue
Press: ? - help, Shift-Dir - straight line, f/p - orc priest
Aim: an orc priest, wielding a trident (almost dead)
The flame tongue misses the orc priest.
The orc priest miscasts a cantrip.
The orc priest hits you but does no damage.
The orc priest hits you with a trident!
You die...

####
#################...
#...##..........'...
#####...##.##########...
.........o..............
.###..@##.###########.#
#$###.o.##.# #.#
#..........###########.#
........................
#####...##############.#
...)...# #.# ....####
#.# ..... #.# ..... ...


You could see 2 orc priests.

Vanquished Creatures
  Eustachio (D:4)
  A phantom (D:4)
  An orc priest (D:4)
  4 adders
  2 oozes
  4 worms
  4 giant geckos
  8 orcs
  4 giant cockroaches
  9 hobgoblins
  4 jackals
  2 quokkas (D:3)
  4 ball pythons
  6 bats
  5 giant newts
  9 goblins
  9 kobolds
  5 rats
  A plant (D:3)
83 creatures vanquished.

Notes
Turn   | Place    | Note
--------------------------------------------------------------
     0 | D:1      | mcbry74 the Gargoyle Fire Elementalist began the quest for the Orb.
     0 | D:1      | Reached XP level 1. HP: 10/10 MP: 3/3
   265 | D:1      | Reached XP level 2. HP: 10/15 MP: 1/5
   382 | D:1      | Upgraded the game from 0.17-a0-1880-gacf7e67 to 0.17-a0-1882-g750edc8
   999 | D:1      | Learned a level 2 spell: Throw Flame
  1078 | D:1      | Reached XP level 3. HP: 11/19 MP: 2/6
  2146 | D:2      | Found an iron altar of Okawaru.
  2292 | D:2      | HP: 1/20 [worm (6)]
  2785 | D:2      | Found a burning altar of Makhleb.
  2917 | D:2      | Learned a level 3 spell: Conjure Flame
  3803 | D:3      | Reached XP level 4. HP: 22/24 MP: 7/7
  4407 | D:3      | Reached skill level 1 in Unarmed Combat
  4599 | D:3      | Reached skill level 1 in Fighting
  5674 | D:3      | Found a sacrificial altar of Ru.
  5834 | D:3      | Became a worshipper of Ru the Awakened
  6178 | D:3      | Reached XP level 5. HP: 29/29 MP: 5/8
  6557 | D:4      | Noticed Eustachio
  6596 | D:4      | Killed Eustachio
  6596 | D:4      | Reached XP level 6. HP: 16/34 MP: 2/10
  6913 | D:4      | Noticed a phantom
  7148 | D:4      | Killed a phantom
  7453 | D:4      | Slain by an orc priest

Vault maps used:
D:1:      onia_arrival_handbag
D:2:      lemuel_doored_altar, nicolae_overflow_hidden_temple
D:3:      first_bread, nicolae_ru_the_path_less_chosen
D:4:      grunt_temple_overflow_open, serial_shops, nicolae_shop_waterfront,
          uniq_eustachio

Action                   |  1- 3 |  4- 6 || total
-------------------------+-------+-------++-------
Melee: Unarmed           |   216 |   297 ||   513
       Staff             |       |    33 ||    33
 Cast: Flame Tongue      |    33 |    71 ||   104
       Throw Flame       |    25 |    16 ||    41
       Conjure Flame     |     2 |     3 ||     5
  Use: Scroll            |     5 |       ||     5
       Potion            |     2 |     1 ||     3
 Stab: Sleeping          |     1 |     1 ||     2
  Eat: Chunk             |     4 |     5 ||     9
       Meat ration       |     1 |     1 ||     2
       Bread ration      |     1 |       ||     1
